AoeStats
← ChinoR

Arabia

508734217Analyzed
2v2 RM · 7d ago on Sep 23, 2026· 94m 18s· 4 players
Game mode
Random Map
Map size
Medium (4 player)
Population
200
Speed
Normal
Resources
Standard
Victory
Conquest
Starting age
Dark Age
Ending age
Imperial Age
RankedLock teamsTeams togetherTeam positionsShared explorationLock speedFull tech treeHidden civsTurbo modeCheats
Victory
Defeat
🇦🇷 Varangians · Argentina
1167
+15
🇦🇷 Ethiopians · Argentina
1165
+15
🇩🇰 Saxons · Denmark
1153
-15
🇩🇰 Magyars · Denmark
1143
-15
SpeedyShorey
6:41 Loom
8:58 Feudal Age
9:46 Man-at-Arms
13:24 Double-Bit Axe
16:05 Horse Collar
20:55 Castle Age
20:36 Bloodlines
21:08 Gold Mining
22:14 Scale Barding Armor
22:56 Gold Shaft Mining
24:14 Bow Saw
25:17 Husbandry
28:20 Chain Barding Armor
30:23 Wheelbarrow
39:22 Elite Skirmisher
39:55 Fletching
40:43 Bodkin Arrow
41:16 Padded Archer Armor
44:32 Leather Archer Armor
44:44 Thumb Ring
47:19 Imperial Age
48:11 Bracer
50:53 Ring Archer Armor
50:49 Ballistics
51:29 Chemistry
53:33 Pikeman
55:01 Conscription
54:58 Halberdier
56:09 Scale Mail Armor
57:07 Chain Mail Armor
59:21 Two-Man Saw
58:28 Heavy Plow
Pervaris
6:37 Loom
8:51 Feudal Age
9:37 Double-Bit Axe
22:34 Castle Age
20:50 Arson
24:15 Wheelbarrow
25:41 Scale Mail Armor
25:51 Forging
25:41 Stone Mining
26:25 Hand Cart
26:09 Gold Mining
27:48 Hand Cart
27:56 Fletching
29:34 Ballistics
30:24 Bow Saw
29:59 Horse Collar
30:32 Bodkin Arrow
35:57 Imperial Age
33:49 Padded Archer Armor
34:07 Chain Mail Armor
34:59 Murder Holes
37:46 Siege Engineers
38:42 Chemistry
37:22 Clerical Recruitment
38:28 Conscription
40:53 Clerical Recruitment
42:47 Iron Casting
42:43 Plate Mail Armor
44:37 Bracer
44:38 Padded Archer Armor
45:32 Elite Skirmisher
46:18 Thumb Ring
45:45 Elite Varangian Guard
46:54 Squires
48:38 Leather Archer Armor
49:19 Shield Wall
52:18 Ring Archer Armor
54:17 Masonry
53:59 Guard Tower
57:15 Gambesons
MonoH
6:41 Loom
9:44 Feudal Age
11:00 Double-Bit Axe
11:26 Horse Collar
15:59 Forging
17:24 Scale Barding Armor
23:03 Castle Age
21:36 Bloodlines
22:58 Fletching
23:08 Padded Archer Armor
23:16 Gold Mining
23:19 Stone Mining
24:12 Husbandry
24:19 Heavy Plow
23:46 Light Cavalry
25:29 Bow Saw
30:19 Wheelbarrow
29:30 Town Watch
29:49 Bodkin Arrow
33:52 Leather Archer Armor
39:00 Imperial Age
37:56 Ballistics
39:09 Heavy Mounted Crossbowman
41:03 Conscription
40:41 Cranequins
46:11 Bracer
46:41 Ring Archer Armor
47:19 Cavalier
47:33 Capped Ram
49:40 Chain Barding Armor
55:53 Iron Casting
56:26 Conscription
58:29 Blast Furnace
58:04 Plate Barding Armor
57:26 Hussar
60:26 Vendel Legacy
69:37 Plate Barding Armor
77:42 Elite Jarl
79:03 Siege Ram
92:07 Chemistry
ChinoR
6:41 Loom
9:34 Feudal Age
12:40 Double-Bit Axe
16:55 Horse Collar
23:44 Castle Age
21:47 Fletching
22:29 Gold Mining
22:30 Stone Mining
22:52 Padded Archer Armor
24:36 Bodkin Arrow
24:56 Leather Archer Armor
25:48 Bow Saw
26:30 Wheelbarrow
25:27 Crossbowman
28:50 Thumb Ring
33:32 Ballistics
37:18 Imperial Age
35:10 Hand Cart
36:21 Forging
36:16 Scale Barding Armor
36:22 Husbandry
35:42 Light Cavalry
37:42 Arbalester
38:51 Heavy Plow
41:04 Chemistry
41:20 Bracer
42:44 Light Cavalry
44:13 Chain Barding Armor
44:28 Iron Casting
44:18 Hussar
45:47 Ring Archer Armor
47:46 Blast Furnace
55:38 Conscription
71:13 Elite Skirmisher
Connection lost

Rejoining the realm…

Still unreachable

The connection could not be restored.

Session expired

The server has moved on; the page needs a fresh start.